 Dungeon Sprint DCSS version 0.23.1-37-gaa34b87 (webtiles) character file.

Game seed: 11280431652524867156

48 nuthulu the Fighter (level 7, -10/67 HPs)
             Began as a Formicid Fighter on Mar 20, 2019.
             Killed from afar by a gargoyle (20 damage)
             ... with a stone arrow
             ... in the Dungeon (Sprint VI: "Thunderdome").
             The game lasted 00:01:27 (321 turns).

nuthulu the Fighter (Formicid Fighter)               Turns: 321, Time: 00:01:28

Health: -10/67     AC: -23   Str: 40    XL:     7   Next: 70%
Magic:  7/7        EV: 10    Int:  9    God:
Gold:   145        SH: 16    Dex: 15    Spells: 6/6 levels left

rFire    + . .     SeeInvis +   a - +0 war axe
rCold    . . .     Gourm    .   c - +0 shield
rNeg     + . .     Faith    .   b - +0 scale mail
rPois    +         Spirit   .   (helmet unavailable)
rElec    +         Reflect  +   (no cloak)
rCorr    +         Harm     .   (no gloves)
MR       .....                  (no boots)
Stlth    +.........             r - amulet "Fimoss" {Reflect rC- Str+10 Int-2 SH+3 Stlth+}
HPRegen  0.21/turn              p - ring of Detekh {+Fly Int+2 Dex+4 Stlth-}
MPRegen  0.10/turn              q - ring "Pumegg" {rN+ Str+3 Int+2 Stlth+}

@: mighty, resistant, corroded
A: permanent stasis, dig shafts and tunnels, four strong arms, antennae 3
a: Dig, Evoke Flight


You were in the Dungeon.
You were not hungry.

You visited 1 branch You collected 280 gold pieces.
You spent 135 gold pieces at shops.

Inventory:

Hand Weapons
 a - a +0 war axe (weapon)
Armour
 b - a +0 scale mail (worn)
 c - a +0 shield (worn)
Jewellery
 p - the ring of Detekh (left hand) {+Fly Int+2 Dex+4 Stlth-}
   (You bought it in a shop in the Dungeon)

   [ring of attention]

   It affects your intelligence (+2).
   It affects your dexterity (+4).
   It lets you fly.
   It makes you less stealthy.
 q - the ring "Pumegg" (right hand) {rN+ Str+3 Int+2 Stlth+}
   (You bought it in a shop in the Dungeon)

   [ring of stealth]

   It affects your strength (+3).
   It affects your intelligence (+2).
   It protects you from negative energy.
   It makes you more stealthy.
 r - the amulet "Fimoss" (around neck) {Reflect rC- Str+10 Int-2 SH+3 Stlth+}
   (You bought it in a shop in the Dungeon)

   [amulet of reflection]

   It shields you and reflects attacks.
   It affects your strength (+10).
   It affects your intelligence (-2).
   It makes you vulnerable to cold.
   It affects your SH (+3).
   It makes you more stealthy.
Wands
 l - a wand of acid (5)
 m - a wand of iceblast (5)
Scrolls
 k - 4 scrolls of blinking
 n - 3 scrolls of fog
Potions
 h - 4 potions of haste
 i - 2 potions of magic
 j - a potion of berserk rage
Comestibles
 f - a ration


   Skills:
 * Level 10.4 Fighting
 * Level 9.3 Axes
 + Level 7.6 Armour
 + Level 8.3 Shields


You had 6 spell levels left.
You didn't know any spells.
Your spell library was empty.

Dungeon Overview and Level Annotations

Branches:
Dungeon (1/1)

Altars:
Cheibriados
Dithmenos
Fedhas
Gozag
Kikubaaqudgha
Makhleb
Okawaru
Qazlal
Ru
Sif Muna
Trog
Uskayaw
Vehumet
Wu Jian
Xom
Yredelemnul
Zin
The Shining One
Beogh
Jiyva
Lugonu

Shops:
D *[%??*?*:[((!!!!


Innate Abilities, Weirdness & Mutations

You cannot be hasted, slowed, berserked, paralysed or teleported.
You can dig through walls and to a lower floor.
Your four strong arms can wield two-handed weapons with a shield.
You have a pair of large antennae on your head. (SInv)


Message History

* * * LOW HITPOINT WARNING * * *
You extend your mandibles.
You feel protected.
You feel much better.
You retract your mandibles.
The gargoyle completely misses you.
You barely miss the gargoyle. You block the gargoyle's attack.
You hit the gargoyle but do no damage. The gargoyle hits you with a +0 flail!!
* * * LOW HITPOINT WARNING * * *
You hit the gargoyle but do no damage. You block the gargoyle's attack.
You slice the gargoyle!!
The gargoyle is severely damaged.
You block the gargoyle's attack.
You hit the gargoyle but do no damage.
The gargoyle is severely damaged.
You block the gargoyle's attack.
You barely miss the gargoyle.
The gargoyle is severely damaged.
The gargoyle hurls a stone arrow at you.
The stone arrow hits you!!
You die...

#........_# #_......._#
#_......._# ###.........###
#⌠...........⌠#
######.8.........8.####
##∩___......###......___
###∩........8.# #.8.......
##........@9...###.........
#⌠..........###...###..†...
#⌠..........# #.<.# #......
#⌠..........###...###......
##.............###.........
###∩........8.# #.8.......
##∩_._......###......___
######.8.........8.####
#⌠...........⌠#


You could see a gargoyle.

Vanquished Creatures
  A rust devil (D)
  A water moccasin (D)
  A killer bee (D)
  4 worker ants (D)
  3 adders (D)
  A ball python (D)
11 creatures vanquished.

Notes
Turn   | Place    | Note
-------+----------+-------------------------------------------
     0 | D        | nuthulu the Formicid Fighter began the quest for the Orb.
     0 | D        | Reached XP level 1. HP: 18/18 MP: 1/1
     1 | D        | Found a basalt altar of Yredelemnul.
     1 | D        | Found a snail-covered altar of Cheibriados.
     2 | D        | Found an ornate altar of the Wu Jian Council.
     3 | D        | Found a sacrificial altar of Ru.
     3 | D        | Found a hide-covered altar of Uskayaw.
     4 | D        | Found Akhlog's Identification Station.
     4 | D        | Found a blossoming altar of Fedhas.
     4 | D        | Found a glowing golden altar of the Shining One.
     4 | D        | Found Ennadeag's Delicious Food.
     5 | D        | Found Xeneuhou's Advanced Armour.
     5 | D        | Found Lomamm's Jewellery.
     5 | D        | Round 1.
     8 | D        | Found a deep blue altar of Sif Muna.
    14 | D        | Bought a coiled pewter ring for 45 gold pieces
    14 | D        | Bought an ancient iron ring for 45 gold pieces
    14 | D        | Bought an ancient bone amulet for 45 gold pieces
    14 | D        | Identified the ring of Detekh {+Fly Int+2 Dex+4 Stlth-}
                  | (You bought it in a shop in the Dungeon)
    15 | D        | Identified the ring "Pumegg" {rN+ Str+3 Int+2 Stlth+} (You
                  | bought it in a shop in the Dungeon)
    16 | D        | Identified the amulet "Fimoss" {Reflect rC- Str+10 Int-2
                  | SH+3 Stlth+} (You bought it in a shop in the Dungeon)
    25 | D        | Found a shimmering altar of Xom.
    26 | D        | Found Cuxikh's Premium Goods.
    27 | D        | Found a radiant altar of Vehumet.
    27 | D        | Found a corrupted altar of Lugonu.
    27 | D        | Found Qaokkini's Weapon Rack.
    27 | D        | Found Wurie's Miscellaneous Merchandise.
    27 | D        | Found Enusa's Basic Armour.
    31 | D        | Found an opulent altar of Gozag.
    32 | D        | Found a roughly hewn altar of Beogh.
    33 | D        | Found an iron altar of Okawaru.
    48 | D        | Reached skill level 4 in Fighting
    48 | D        | Reached XP level 2. HP: 8/25 MP: 2/2
    49 | D        | Found Uhiphist's Do-It-Yourself Clinic.
    71 | D        | Noticed a water moccasin
    72 | D        | Found Jafy's Bottled Wisdom.
    72 | D        | Found Tufisay's Distillery.
    72 | D        | Found a stormy altar of Qazlal.
    72 | D        | Found an ancient bone altar of Kikubaaqudgha.
    72 | D        | Found a bloodstained altar of Trog.
    72 | D        | Found Geuv Bad's Distillery.
    81 | D        | Killed a water moccasin
    81 | D        | Reached skill level 6 in Fighting
    81 | D        | Reached skill level 5 in Axes
    81 | D        | Reached skill level 5 in Armour
    81 | D        | Reached skill level 5 in Shields
    81 | D        | Reached XP level 3. HP: 29/35 MP: 3/3
    81 | D        | Reached XP level 4. HP: 35/41 MP: 4/4
    81 | D        | Reached XP level 5. HP: 40/47 MP: 5/5
   103 | D        | Found a viscous altar of Jiyva.
   104 | D        | Found a burning altar of Makhleb.
   105 | D        | Found a shadowy altar of Dithmenos.
   112 | D        | Arena points: 12 (+12) [x2]
   112 | D        | Reached skill level 7 in Fighting
   113 | D        | Found Qaew's Staff Store.
   117 | D        | Found a glowing silver altar of Zin.
   117 | D        | Found Pomuloing's Magic Scroll Shop.
   117 | D        | Found Suiprima's Must-Have Magic.
   117 | D        | Found Hice's Magic Scroll Shop.
   174 | D        | Round 2.
   186 | D        | Reached skill level 8 in Fighting
   186 | D        | Reached XP level 6. HP: 27/56 MP: 6/6
   197 | D        | Arena points: 48 (+36) [x3]
   244 | D        | Round 3.
   271 | D        | Noticed a rust devil
   300 | D        | Killed a rust devil
   300 | D        | Reached skill level 10 in Fighting
   300 | D        | Reached XP level 7. HP: 8/67 MP: 7/7
   308 | D        | Noticed a gargoyle
   321 | D        | Killed from afar by a gargoyle

Skill      XL: |  1  2  3  4  5  6 |
---------------+-------------------+-----
Fighting       | 4 6 8 10 | 10.4
Axes           | 3 5 7 9 |  9.3
Shields        | 4 5 6 8 |  8.3
Armour         | 5 6 7 |  7.6

Action                   |  1- 3 |  4- 6 |  7- 9 || total
-------------------------+-------+-------+-------++-------
Melee: War axe           |    22 |    56 |     6 ||    84
 Abil: Dig               |       |       |     1 ||     1
  Use: Potion            |     1 |     3 |     3 ||     7
Armor: Scale mail        |     5 |     8 |       ||    13
Dodge: Dodged            |     8 |    17 |     1 ||    26
Block: Shield            |    29 |    54 |     4 ||    87
